 Dungeon Crawl Stone Soup version 0.18-a0-1267-gff090c1 (webtiles) character file.

2171 Arkorax the Fighter (level 9, -2/86 HPs)
             Began as a Hill Orc Gladiator on Feb 7, 2016.
             Slain by an orc knight
             ... wielding a +0 war axe
              (21 damage)
             ... in a bailey.
             The game lasted 00:08:47 (6161 turns).

Arkorax the Fighter (Hill Orc Gladiator)            Turns: 6161, Time: 00:08:47

Health: -2/86      AC: 14    Str: 21    XL:     9   Next: 32%
Magic:  9/9        EV: 10    Int:  6    God:
Gold:   144        SH:  0    Dex: 13    Spells: 0 memorised, 8 levels left

rFire  . . .     SeeInvis +     n - +0 halberd
rCold  . . .     Gourm    .     D - +2 scale mail {rN+}
rNeg   + + +     Faith    .     (shield currently unavailable)
rPois  +         Spirit   .     k - +2 helmet
rElec  .         Dismiss  .     (no cloak)
rCorr  +         Reflect  .     O - +1 pair of gloves of the Komtur {rPois rN++}
SustAt .         Harm     .     h - +0 pair of boots
MR     +....     Rnd*Rage +     j - necklace of Bloodlust {*Rage +Rage MR+ Str+2 Int-2 Slay+3 *Curse} (curse)
Stlth  ..........               L - ring of see invisible (curse)
                                G - ring of resist corrosion

@: somewhat resistant to hostile enchantments, extremely unstealthy
A: no striking features
a: Evoke Berserk Rage


You were in a bailey.
You were not hungry.

You visited 1 branch of the dungeon, and saw 7 of its levels.
You also visited: Ossuary and Bailey.

You collected 400 gold pieces.
You spent 256 gold pieces at shops.

Inventory:

Hand Weapons
 a - a +0 trident
 n - a +0 halberd (weapon)
 q - a +0 spear of freezing
Missiles
 d - 6 throwing nets (quivered)
Armour
 h - a +0 pair of boots (worn)
 k - a +2 helmet (worn)
 D - a +2 scale mail of positive energy (worn)
 O - the +1 pair of gloves of the Komtur (worn) {rPois rN++}
   (You bought it in a shop on level 7 of the Dungeon)

   It protects you from poison.
   It greatly protects you from negative energy.
Jewellery
 j - the cursed necklace of Bloodlust (around neck) {*Rage +Rage MR+ Str+2 Int-2 Slay+3 *Curse}
   (You took it off a kobold in a bailey)

   [amulet of rage]

   It affects your strength (+2).
   It affects your intelligence (-2).
   It affects your accuracy and damage with ranged weapons and melee attacks
   (+3).
   It affects your resistance to hostile enchantments.
   It lets you go berserk.
   It may make you go berserk in combat.
   It may re-curse itself when equipped.
   It has a curse placed upon it.
 G - a ring of resist corrosion (left hand)
 L - a cursed ring of see invisible (right hand)
Wands
 c - a wand of iceblast (2/15)
 f - a wand of flame (30/48)
 x - a wand of random effects (18/48)
 F - a wand of iceblast (1/15)
Scrolls
 b - a scroll of immolation {unknown}
 e - 7 scrolls of identify {unknown}
 i - 6 scrolls of remove curse {unknown}
 l - a scroll of fog {unknown}
 p - 3 scrolls of magic mapping {unknown}
 t - a scroll of teleportation {unknown}
 v - a scroll of random uselessness {unknown}
 y - a scroll of blinking {unknown}
 A - 2 scrolls of enchant weapon {unknown}
 H - a scroll of summoning {unknown}
 J - a scroll of amnesia {unknown}
 M - a scroll of acquirement {unknown}
 N - a scroll of fear {unknown}
Potions
 m - a potion of degeneration {unknown}
 s - 4 potions of curing
 w - 2 potions of lignification
 B - a potion of mutation {unknown}
 C - 2 potions of cure mutation {unknown}
 I - a potion of beneficial mutation {unknown}
Comestibles
 g - 3 meat rations
 o - 5 beef jerkies
 z - 2 bread rations


   Skills:
 + Level 10.5 Fighting
 + Level 9.8 Polearms
 - Level 1.7 Throwing
 - Level 2.4 Dodging


You had 8 spell levels left.
You didn't know any spells.

Dungeon Overview and Level Annotations

Branches:
Dungeon (7/15)
 Temple: D:4-7

Altars:
Dithmenos
Pakellas
Trog
Vehumet
Xom
Yredelemnul
Zin
The Shining One

Shops:
D:7 [%%

Annotations:
D:5 Lysie's ghost, novice SpEn


Message History

* * * LOW HITPOINT WARNING * * *
You are too injured to fight recklessly!
You are too injured to fight recklessly!
You are too injured to fight recklessly!
You slash the orc knight!
The orc knight is almost dead.
You puncture the orc knight!
The orc knight is almost dead.
The orc knight hits you with a war axe.
* * * LOW HITPOINT WARNING * * *
You hit the orc knight.
The orc knight is almost dead.
The orc knight closely misses you.
You closely miss the orc knight.
The orc knight is almost dead.
The orc knight barely misses you.
You closely miss the orc knight.
The orc knight is almost dead.
The orc knight hits you with a war axe!!
You die...

#.#############
..............####
#.)@........##
##o#)).......##
#..#....⌠.....#
#..###.......# ###..'
#).)..######## ..
....###......#≈≈≈≈≈≈ ≈ #
####'####..#...()≈≈≈≈≈≈≈≈≈≈
≈≈##
#.gKKogg####.≈≈≈≈≈≈≈≈≈≈#
≈≈≈≈K#.Kgoggo#∩≈≈≈≈≈≈((.(.##


You could see an orc knight.

Vanquished Creatures
  Sigmund (D:2)
  Eustachio (D:5)
  A hungry ghost (D:7)
  Edmund (D:6)
  5 orc warriors
  5 ogres
  A giant frog (D:6)
  A vampire bat (D:4)
  A giant frog zombie (D:7)
  2 giant frog skeletons (D:4)
  2 hounds (D:7)
  An orc priest (D:6)
  A centaur skeleton (D:7)
  Ijyb (D:2)
  6 worker ants
  Robin (D:2)
  A hound skeleton (D:7)
  9 gnolls
  7 adders
  A shadow imp (D:7)
  An ooze (D:7)
  An adder skeleton (D:6)
  3 worms
  5 giant geckos
  7 orcs
  6 giant cockroaches
  6 hobgoblins
  18 kobolds
  2 quokkas
  3 ball pythons
  9 bats
  2 giant gecko skeletons
  5 giant newts
  11 goblins
  6 rats
134 creatures vanquished.

Vanquished Creatures (others)
  A centaur (D:7)
  A giant frog (D:7)
2 creatures vanquished.

Grand Total: 136 creatures vanquished

Notes
Turn   | Place    | Note
--------------------------------------------------------------
     0 | D:1      | Arkorax the Hill Orc Gladiator began the quest for the Orb.
     0 | D:1      | Reached XP level 1. HP: 18/18 MP: 1/1
   360 | D:1      | Reached XP level 2. HP: 25/25 MP: 2/2
   714 | D:2      | Reached skill level 4 in Polearms
   714 | D:2      | Reached XP level 3. HP: 23/31 MP: 3/3
   978 | D:2      | Found a glowing golden altar of the Shining One.
  1374 | D:2      | Noticed Robin
  1406 | D:2      | Killed Robin
  1406 | D:2      | Reached XP level 4. HP: 32/40 MP: 4/4
  1513 | D:2      | Noticed Ijyb
  1548 | D:2      | Killed Ijyb
  1749 | D:2      | Noticed Sigmund
  1762 | D:2      | Killed Sigmund
  1762 | D:2      | Reached skill level 5 in Fighting
  1762 | D:2      | Reached skill level 5 in Polearms
  1762 | D:2      | Reached XP level 5. HP: 29/50 MP: 5/5
  1762 | D:2      | Reached XP level 6. HP: 33/57 MP: 6/6
  2436 | D:3      | Found a basalt altar of Yredelemnul.
  2471 | D:3      | Found a bloodstained altar of Trog.
  2501 | D:3      | Found a shadowy altar of Dithmenos.
  2503 | D:3      | Found a glowing silver altar of Zin.
  2608 | D:3      | Found a radiant altar of Vehumet.
  2814 | D:3      | Found an oddly glowing altar of Pakellas.
  3078 | D:4      | Reached skill level 6 in Fighting
  3135 | D:4      | Reached XP level 7. HP: 62/64 MP: 7/7
  3219 | D:4      | Found a basalt altar of Yredelemnul.
  3284 | D:4      | Found an oddly glowing altar of Pakellas.
  3417 | D:4      | Reached skill level 7 in Fighting
  3567 | D:5      | Entered Level 5 of the Dungeon
  3567 | D:5      | Noticed Eustachio
  3593 | D:5      | Killed Eustachio
  3593 | D:5      | Reached XP level 8. HP: 64/74 MP: 8/8
  3614 | D:5      | Noticed Lysie's ghost (novice SpEn)
  3912 | D:4      | Reached skill level 8 in Fighting
  4022 | D:5      | Found a sand-covered staircase.
  4048 | Ossuary  | Entered an ossuary
  4872 | D:6      | Found a basalt altar of Yredelemnul.
  5155 | D:6      | Noticed Edmund
  5165 | D:6      | Killed Edmund
  5165 | D:6      | Reached skill level 9 in Fighting
  5483 | D:7      | Found Yty Corph's Food Emporium.
  5550 | D:7      | Found Daatat's Food Emporium.
  5575 | D:7      | Found a shimmering altar of Xom.
  5610 | D:7      | Reached XP level 9. HP: 68/85 MP: 9/9
  5736 | D:7      | Found Ysaqyij's Antique Armour Emporium.
  5745 | D:7      | Bought a pair of ichor-stained gloves for 256 gold pieces
  5755 | D:7      | Identified the +1 pair of gloves of the Komtur {rPois rN++} (You bought it in a shop on level 7 of the Dungeon)
  5792 | D:7      | Found a flagged portal.
  5809 | D:7      | Reached skill level 10 in Fighting
  5814 | Bailey   | Entered a bailey
  5822 | Bailey   | Noticed an orc knight
  6161 | Bailey   | Slain by an orc knight

Vault maps used:
D:1:      nicolae_arrival_somewhat_less_tricky_arrival
D:2:      tso_metal_star, serial_glass, glass_columns_a, glass_columns_a,
          uniq_robin, uniq_iyjb, uniq_sigmund
D:3:      bloody_trog, gammafunk_temple_overflow_forgotten,
          vehumet_altar_wand_db, lemuel_tele_altar
D:4:      lemuel_round_altar, first_bread, roderic_batcave,
          hangedman_decor_points, grunt_pakellas_basics
D:5:      nicolae_qazlal_general_emergency, kennysheep_mini,
          nicolae_ossuary_entry_plus, uniq_eustachio, uniq_grinder
D:6:      basic_altar, uniq_edmund
D:7:      xom_confusion_cloud, temple_doors_c, enter_bailey_2, serial_shops,
          shop, nicolae_shop_behind_doors, shop
Ossuary:  ossuary_minmay_tomb_2a
Bailey:   bailey_axe_4, bailey

Action                   |  1- 3 |  4- 6 |  7- 9 || total
-------------------------+-------+-------+-------++-------
Melee: Trident           |   123 |    45 |       ||   168
       Halberd           |       |   107 |   285 ||   392
Evoke: Wand              |       |       |     5 ||     5
  Use: Potion            |       |       |     5 ||     5
 Stab: Distracted        |       |       |     1 ||     1
  Eat: Chunk             |     1 |     4 |     4 ||     9
       Bread ration      |       |     1 |       ||     1
       Meat ration       |       |       |     3 ||     3
